Map: Deathaura LE

Players

Eleven - Winner!

  • Race: Zerg Zerg
  • League: Diamond
  • Spawn Location: 11:00

BeNeFiT

  • Race: Protoss Protoss
  • League: Diamond
  • Spawn Location: 5:00

VOD

Have the link to the VOD?

Description

Time

  • Played on: Feb. 6, 2021, 10:46 p.m.
  • Length: 8:50
Show
View Real Time Build Order
Export as new Build Order

Eleven Zerg - Winner!

Build Orders: Hatch First 

Get SALT Encoding   

  12  0:01  Drone  
  13  0:12  Overlord  
  13  0:17  Drone  
  14  0:31  Drone x2  
  16  0:49  Hatchery  
  15  0:52  Drone  
  15  0:56  Drone  
  17  0:59  Drone  
  18  1:10  Extractor  
  17  1:15  Spawning Pool  
  17  1:18  Drone  
  17  1:21  Drone  
  18  1:28  Drone  
  19  1:41  Overlord  
  19  1:51  Drone  
  20  2:01  Queen  
  20  2:02  Queen  
  20  2:04  Drone x2  
  26  2:13  Drone x2  
  28  2:24  Drone x2  
  30  2:30  Hatchery  
  30  2:36  Drone x2  
  31  2:42  Queen  
  33  2:45  Zergling x2  
  33  2:46  Zergling x2  
  33  2:50  Metabolic Boost  
  35  2:55  Drone  
  35  2:57  Overlord  
  36  3:09  Overlord  
  36  3:21  Queen  
  36  3:25  Drone x2  
  36  3:26  Drone, Overlord  
  41  3:31  Lair  
  41  3:36  Drone x3  
  44  3:46  Queen  
  44  3:47  Drone x3  
  49  3:49  Drone  
  49  3:52  Extractor  
  49  3:53  Zergling x4  
  49  3:54  Zergling x2, Extractor  
  50  3:57  Drone x2  
  52  4:15  Drone x3  
  55  4:19  Overlord  
  55  4:20  Overlord  
  55  4:28  Drone x2  
  55  4:29  Drone x2  
  55  4:30  Zergling x6  
  60  4:47  Spore Crawler  
  59  4:53  Spore Crawler  
  59  4:55  Hydralisk Den  
  59  4:59  Evolution Chamber  
  56  5:02  Drone x9  
  56  5:03  Drone  
  65  5:14  Drone x2  
  65  5:17  Overlord x2  
  65  5:18  Overlord  
  67  5:25  Queen  
  69  5:29  Zerg Missile Weapons Level 1  
  69  5:32  Drone x3  
  69  5:33  Extractor  
  71  5:36  Muscular Augments  
  71  5:37  Overlord x2  
  71  5:43  Baneling Nest  
  71  5:45  Hydralisk x2  
  71  5:48  Hydralisk x2  
  78  5:53  Hydralisk  
  80  6:08  Drone x2  
  80  6:09  Drone  
  80  6:10  Hydralisk x2  
  87  6:14  Hydralisk  
  89  6:22  Hydralisk  
  89  6:23  Hydralisk  
  93  6:27  Hydralisk  
  93  6:31  Zergling x18  
  104  6:37  Overlord x3  
  104  6:46  Overlord  
  104  6:47  Grooved Spines  
  104  6:51  Baneling x6  
  104  6:54  Overlord x2  
  104  6:56  Hydralisk  
  104  6:59  Zergling x6  
  104  7:00  Zergling x4  
  111  7:05  Hydralisk x2  
  115  7:15  Hydralisk  
  115  7:16  Hydralisk  
  119  7:23  Hydralisk x2  
  123  7:34  Baneling x5  
  123  7:37  Zergling x2  
  123  7:38  Zergling x26  
  129  7:54  Hydralisk x4  
  119  8:17  Hydralisk x5  
  119  8:27  Drone  
Show
View Real Time Build Order
Export as new Build Order

BeNeFiT Protoss 

Build Orders: 1 Gate Expand, Oracle Opening 

Get SALT Encoding   

  12  0:00  Probe  
  13  0:12  Probe  
  14  0:18  Pylon  
  14  0:24  Probe  
  15  0:36  Gateway  
  15  0:39  Probe (Chrono Boost)  
  16  0:48  Probe (Chrono Boost)  
  16  0:49  Assimilator  
  17  0:53  Probe (Chrono Boost)  
  18  1:05  Probe  
  19  1:17  Probe  
  20  1:27  Nexus  
  20  1:38  Cybernetics Core  
  20  1:46  Probe  
  21  1:51  Assimilator  
  21  1:56  Pylon  
  21  1:58  Probe  
  22  2:10  Probe  
  23  2:17  Adept (Chrono Boost)  
  23  2:22  Probe  
  26  2:27  Stargate  
  26  2:34  Probe  
  27  2:37  Warp Gate  
  27  2:39  Probe  
  27  2:40  Adept  
  30  2:47  Probe  
  32  2:51  Probe  
  32  2:59  Probe (Chrono Boost)  
  32  3:03  Probe (Chrono Boost)  
  34  3:10  Probe (Chrono Boost), Oracle  
  39  3:12  Probe (Chrono Boost)  
  39  3:15  Probe (Chrono Boost)  
  39  3:17  Probe (Chrono Boost)  
  39  3:18  Pylon  
  41  3:25  Probe  
  42  3:29  Probe, Assimilator  
  43  3:37  Probe, Assimilator  
  43  3:39  Pylon  
  44  3:41  Probe  
  44  3:44  Void Ray  
  44  3:45  Adept  
  47  3:49  Probe  
  47  3:54  Probe  
  53  4:01  Probe  
  54  4:09  Probe  
  55  4:13  Probe  
  54  4:18  Nexus  
  54  4:21  Probe, Pylon  
  54  4:22  Void Ray  
  55  4:25  Probe  
  60  4:33  Probe  
  60  4:38  Probe  
  62  4:43  Stargate  
  62  4:45  Probe  
  63  4:50  Probe, Pylon  
  63  4:52  Pylon  
  64  4:57  Probe  
  65  5:02  Probe  
  65  5:04  Pylon  
  65  5:05  Shield Battery  
  66  5:09  Probe  
  68  5:14  Probe  
  68  5:21  Probe  
  68  5:26  Probe  
  70  5:30  Probe, Twilight Council  
  70  5:32  Pylon  
  70  5:33  Probe  
  70  5:34  Void Ray x2  
  72  5:36  Gateway  
  72  5:38  Probe, Gateway  
  81  5:44  Probe  
  81  5:46  Probe  
  81  5:48  Assimilator  
  83  5:50  Probe  
  83  5:56  Probe  
  85  5:58  Probe, Assimilator  
  85  6:02  Probe  
  87  6:06  Pylon  
  87  6:08  Probe  
  87  6:10  Probe  
  89  6:11  Void Ray  
  89  6:14  Probe  
  94  6:24  Charge (Chrono Boost)  
  93  6:26  Templar Archives  
  93  6:30  Gateway  
  93  6:32  Gateway  
  91  6:33  Gateway  
  91  6:35  Shield Battery  
  91  6:36  Pylon  
  91  6:38  Shield Battery  
  91  6:42  Gateway  
  91  6:43  Psionic Storm, Gateway  
  91  6:44  Sentry x3  
  97  7:03  Gateway  
  97  7:04  Gateway  
  97  7:07  Pylon  
  97  7:09  Zealot, High Templar  
  97  7:10  High Templar  
  97  7:11  Void Ray x2  
  111  7:25  High Templar  
  113  7:36  Zealot x3  
  113  7:37  Zealot  
  117  7:52  Zealot x2  
  117  7:56  Zealot  
  117  7:57  Zealot  
  91  8:02  High Templar x4  
  91  8:03  High Templar  
  93  8:18  Zealot x3  
  63  8:35  Zealot x5  
  63  8:38  Probe  
  63  8:40  Zealot x2  
Tags
 
Add a new tag
Caveats
  • Supply blocks, unpowered buildings, or Contaminate may cause inaccurate times.
  • Supply counts are checked every 10 seconds.